General information
- name: BNet
- type: Ladder team game (AT/RT)
- host: Battle.net
- saver: fineX
map: TranquilPaths
- players: 4
- length: 14:54
- speed: Fast
- version: 1.24 W3XP
- replay type: Public
» download(112 KB)
Players
team 1 (winner)
Mata. (
orange | 170 APM | 2537 actions | 14:54)
2 Archmage
1 Blizzard
1 Brilliance Aura
1 Mountain King
1 Storm Bolt
» actions
| Assign group hotkey | 290 | |
| Basic commands | 33 | |
| Build / train | 77 | |
| Enter build submenu | 27 | |
| Enter hero's abilities submenu | 4 | |
| Right click | 1369 | |
| Select / deselect | 498 | |
| Select group hotkey | 147 | |
| Use ability | 92 | |
2537 total
» units
| Peasant | 19 | |
| Footman | 11 | |
| Sorceress | 4 | |
| Priest | 2 | |
| Rifleman | 3 | |
| Mortar Team | 3 | |
| Spell Breaker | 2 | |
44 total
» upgrades
» buildings
| Altar of Kings | 1 | |
| Barracks | 1 | |
| Farm | 8 | |
| Scout Tower | 3 | |
| Arcane Tower | 10 | |
| Arcane Vault | 1 | |
| Keep | 1 | |
| Town Hall | 1 | |
| Arcane Sanctum | 2 | |
| Blacksmith | 1 | |
| Workshop | 1 | |
| Castle | 2 | |
| Lumber Mill | 2 | |
34 total
» build order
00:03 Altar of Kings
00:18 Barracks
00:32 Farm
01:03 Farm
01:41 Scout Tower
01:45 Farm
02:49 Arcane Tower
02:49 Arcane Tower
04:07 Arcane Vault
05:24 Keep
05:33 Farm
06:31 Town Hall
06:33 Scout Tower
06:34 Scout Tower
06:53 Arcane Tower
06:53 Arcane Tower
06:53 Arcane Tower
07:19 Arcane Tower
07:20 Arcane Tower
07:20 Arcane Tower
08:09 Arcane Sanctum
08:11 Arcane Sanctum
08:31 Blacksmith
09:48 Workshop
10:55 Castle
10:55 Castle
12:26 Farm
12:27 Farm
12:56 Farm
12:57 Farm
13:43 Lumber Mill
13:44 Lumber Mill
» items
| Scroll of Regeneration | 3 | |
| Scroll of Town Portal | 2 | |
| Lesser Clarity Potion | 1 | |
| Staff of Sanctuary | 1 | |
7 total

»
timg4strok (
purple | 134 APM | 1994 actions | 14:54)
5 Archmage
3 Summon Water Elemental
2 Brilliance Aura
2 Mountain King
1 Storm Bolt
1 Bash
» actions
| Assign group hotkey | 24 | |
| Basic commands | 91 | |
| Build / train | 51 | |
| Enter build submenu | 23 | |
| Enter hero's abilities submenu | 7 | |
| Give item / drop item | 2 | |
| Right click | 837 | |
| Select / deselect | 230 | |
| Select group hotkey | 658 | |
| Use ability | 71 | |
1994 total
» units
| Peasant | 11 | |
| Footman | 6 | |
| Spell Breaker | 6 | |
23 total
» upgrades
| Defend | 1 | |
| Control Magic | 1 | |
| Magic Sentry | 1 | |
| Masonry | 1 | |
| Swords | 1 | |
| Plating | 1 | |
6 total
» buildings
| Altar of Kings | 1 | |
| Barracks | 1 | |
| Farm | 8 | |
| Scout Tower | 6 | |
| Arcane Tower | 1 | |
| Arcane Vault | 1 | |
| Keep | 1 | |
| Lumber Mill | 1 | |
| Guard Tower | 1 | |
| Arcane Sanctum | 2 | |
| Castle | 1 | |
| Blacksmith | 1 | |
| Town Hall | 1 | |
26 total
» build order
00:06 Altar of Kings
00:15 Barracks
00:24 Farm
00:58 Farm
01:35 Farm
01:38 Scout Tower
02:16 Arcane Tower
02:18 Farm
03:11 Arcane Vault
03:53 Keep
04:31 Farm
05:12 Lumber Mill
05:45 Farm
05:48 Scout Tower
05:48 Scout Tower
06:57 Guard Tower
06:58 Arcane Sanctum
07:01 Arcane Sanctum
08:58 Castle
12:33 Blacksmith
12:54 Farm
12:54 Farm
13:58 Town Hall
14:01 Scout Tower
14:02 Scout Tower
14:02 Scout Tower
» items
| Boots of Speed | 1 | |
| Scroll of Regeneration | 4 | |
| Scroll of Town Portal | 1 | |
| Potion of Healing | 2 | |
8 total
team 2 (loser)
ERZ (
green | 133 APM | 1984 actions | 14:52)
3 Mountain King
2 Storm Bolt
1 Bash
» actions
| Assign group hotkey | 594 | |
| Basic commands | 104 | |
| Build / train | 46 | |
| ESC pressed | 3 | |
| Enter build submenu | 27 | |
| Enter hero's abilities submenu | 3 | |
| Remove unit from queue | 1 | |
| Right click | 633 | |
| Select / deselect | 252 | |
| Select group hotkey | 257 | |
| Use ability | 64 | |
1984 total
» units
| Peasant | 12 | |
| Footman | 10 | |
| Sorceress | 4 | |
| Priest | 3 | |
| Knight | 1 | |
30 total
» upgrades
» buildings
| Altar of Kings | 2 | |
| Barracks | 2 | |
| Farm | 7 | |
| Keep | 1 | |
| Arcane Vault | 1 | |
| Arcane Sanctum | 3 | |
| Scout Tower | 5 | |
| Arcane Tower | 1 | |
| Castle | 1 | |
| Lumber Mill | 1 | |
| Blacksmith | 2 | |
26 total
» build order
00:08 Altar of Kings
00:20 Barracks
00:34 Farm
01:04 Farm
01:33 Farm
03:04 Keep
04:06 Arcane Vault
04:09 Farm
04:09 Farm
05:41 Arcane Sanctum
05:42 Arcane Sanctum
06:57 Arcane Sanctum
07:10 Farm
07:12 Scout Tower
07:12 Scout Tower
07:17 Altar of Kings
07:44 Arcane Tower
09:23 Castle
12:35 Scout Tower
12:35 Scout Tower
12:36 Scout Tower
13:09 Lumber Mill
13:10 Blacksmith
13:29 Farm
13:34 Blacksmith
13:36 Barracks
» items
| Scroll of Regeneration | 1 | |
| Lesser Clarity Potion | 1 | |
| Potion of Healing | 2 | |
| Potion of Mana | 1 | |
| Scroll of Town Portal | 1 | |
6 total
fineX (
blue | 121 APM | 1801 actions | 14:54)
2 Blademaster
1 Wind Walk
1 Critical Strike
2 Shadow Hunter
1 Hex
1 Healing Wave
» actions
| Assign group hotkey | 97 | |
| Build / train | 44 | |
| Enter build submenu | 17 | |
| Enter hero's abilities submenu | 6 | |
| Right click | 1133 | |
| Select / deselect | 156 | |
| Select group hotkey | 271 | |
| Use ability | 77 | |
1801 total
» units
| Peon | 7 | |
| Grunt | 6 | |
| Raider | 5 | |
| Spirit Walker | 3 | |
21 total
» upgrades
| Ensnare | 1 | |
| Spirit Walker Training | 1 | |
| Berserker Strength | 1 | |
| Armor | 1 | |
4 total
» buildings
| Altar of Storms | 1 | |
| Orc Burrow | 6 | |
| Barracks | 1 | |
| Voodoo Lounge | 2 | |
| Stronghold | 1 | |
| Beastiary | 1 | |
| Spirit Lodge | 1 | |
| War Mill | 2 | |
| Fortress | 1 | |
16 total
» build order
00:05 Altar of Storms
00:08 Orc Burrow
00:37 Barracks
01:39 Orc Burrow
01:58 Voodoo Lounge
03:07 Stronghold
04:07 Orc Burrow
05:13 Orc Burrow
05:55 Beastiary
06:04 Spirit Lodge
06:12 War Mill
08:05 Voodoo Lounge
09:14 War Mill
11:36 Fortress
12:49 Orc Burrow
12:59 Orc Burrow
» items
| Healing Salve | 4 | |
| Lesser Clarity Potion | 3 | |
| Scroll of Town Portal | 1 | |
| Orb of Lightning | 1 | |
9 total
Chat log
(00:03 / All) ERZ: goonday
(00:04 / All) Mata.: gl hf
(00:14 / Allies) ERZ: dont tower
(00:15 / Allies) ERZ: mass grutns
(00:18 / Allies) fineX: k
(00:28 / All) fineX: hi
(00:31 / Allies) ERZ: cuz i doubt they dont know how to beet tower
(00:38 / All) fineX: gl hf
(01:19 / Allies) fineX: orc.hu?
(01:24 / Allies) fineX: or randhu
(01:25 / Allies) ERZ: hu random
(02:32 / Allies) ERZ: dont lose hero
(02:35 / Allies) ERZ: be defensive!!
(02:36 / Allies) fineX: it was a creep
(02:46 / Allies) ERZ: yeah i just sayin
(02:58 / Allies) fineX: nice
(03:07 / Allies) ERZ: tech
(03:31 / Allies) ERZ: share
(04:19 / Allies) fineX: miltia creep
(04:26 / Allies) ERZ: hit he
(04:36 / Allies) ERZ: dont die
(04:39 / Allies) fineX: not
(04:50 / Allies) ERZ: back
(04:51 / Allies) ERZ: go heal
(04:52 / Allies) ERZ: dude
(05:01 / Allies) fineX: ya
(05:34 / Allies) ERZ: timg is human too
(05:42 / Allies) fineX: no tower
(05:43 / Allies) fineX: lol
(07:05 / Allies) ERZ: go now make hero make units
(07:26 / Allies) ERZ: no
(07:26 / Allies) ERZ: fuck him
(07:31 / Allies) ERZ: n,m go
(07:32 / Allies) ERZ: if u wan
(08:09 / Allies) ERZ: come to me fuck
(08:15 / Allies) fineX: k
(08:38 / Allies) fineX: sorry1!
(09:03 / Allies) ERZ: spend gold
(09:04 / Allies) ERZ: fuk
(09:55 / Allies) ERZ: more food spend gold
(12:03 / Allies) ERZ: tp
(12:04 / Allies) ERZ: now
(12:39 / Allies) ERZ: spend gold
(12:39 / Allies) ERZ: plz
(12:40 / Allies) ERZ: more food
(12:41 / Allies) fineX: am
(13:19 / Allies) ERZ: creep something
(13:21 / Allies) ERZ: near your base
(13:53 / Allies) ERZ: dont lose heroes
(14:18 / Allies) ERZ: back
(14:50 / Allies) ERZ: welp gg
(14:53 / All) fineX: gg